R+ - U24
HELENA BREWERS @ GREAT FALLS VOYAGERS
08/28/2051
 
TOP OF THE 1ST
Billings Mustangs batting - Pitching for Cheyenne Chiefs : LHP Cortez Rioz
Pitching: LHP Cortez Rioz
Batting: RHB Travis Parsons 0-0: Ball
1-0: Ball
2-0: Swinging Strike
2-1: Ground out 6-3 (Groundball, 6M, EV 100.6 MPH)
Batting: RHB Jason O'Daniel 0-0: Ball
1-0: Called Strike
1-1: Ball
2-1: Called Strike
2-2: SINGLE (Groundball, 56D, EV 105.6 MPH)
Batting: LHB Felipe Hernandez 0-0: Ball
1-0: Foul Ball, location: 2F
1-1: Foul Ball, location: 2F
1-2: Ball
2-2: Ball
3-2: Grounds into double play, 3-6-3 (Groundball, 23, EV 76.9 MPH)
Top of the 1st over - 0 runs, 1 hit, 0 errors, 0 left on base; Billings 0 - Cheyenne 0
BOTTOM OF THE 1ST
Cheyenne Chiefs batting - Pitching for Billings Mustangs : LHP Lawrence Morgan
Pitching: LHP Lawrence Morgan
Batting: RHB Gilligan Eddy 0-0: Called Strike
0-1: Called Strike
0-2: Ball
1-2: Strikes out swinging
Batting: RHB Gavin Zimmer 0-0: Called Strike
0-1: Called Strike
0-2: Ball
1-2: Strikes out looking
Batting: RHB Jake Macias 0-0: Swinging Strike
0-1: Fly out, F7 (Line Drive, 7, EV 85.6 MPH)
Bottom of the 1st over - 0 runs, 0 hits, 0 errors, 0 left on base; Billings 0 - Cheyenne 0
TOP OF THE 2ND
Billings Mustangs batting - Pitching for Cheyenne Chiefs : LHP Cortez Rioz
Batting: RHB Dalmacio Escobar 0-0: Ball
1-0: Called Strike
1-1: Called Strike
1-2: Ball
2-2: Foul Ball, location: 2F
2-2: Strikes out looking
Batting: RHB Brandon Kendall 0-0: Ball
1-0: Foul Ball, location: 2F
1-1: Ball
2-1: Fly out, F7 (Flyball, 7, EV 90.0 MPH)
Batting: RHB Willy Culbreth 0-0: Ball
1-0: Foul Ball, location: 2F
1-1: Foul Ball, location: 2F
1-2: Reached on error, E3 (Groundball, 34, EV 81.9 MPH)
Batting: RHB Andy Riquenes 0-0: Called Strike
0-1: Ball
1-1: Called Strike
1-2: Foul Ball, location: 2F
1-2: Strikes out looking
Top of the 2nd over - 0 runs, 0 hits, 1 error, 1 left on base; Billings 0 - Cheyenne 0
BOTTOM OF THE 2ND
Cheyenne Chiefs batting - Pitching for Billings Mustangs : LHP Lawrence Morgan
Batting: LHB Rodrigo Samand 0-0: Called Strike
0-1: Fly out, F9 (Line Drive, 9D, EV 96.2 MPH)
Batting: RHB Barrett Heller 0-0: Ball
1-0: Swinging Strike
1-1: Ball
2-1: Ball
3-1: SINGLE (Groundball, 56D, EV 96.9 MPH)
Batting: SHB Aitor Garza 0-0: Fly out, F4 (Popup, 4, EV 60.0 MPH)
Batting: RHB Weston Dollinger 0-0: Ball
1-0: Foul Ball, location: 2F
1-1: Swinging Strike
1-2: Foul Ball, location: 2F
1-2: Strikes out swinging
Bottom of the 2nd over - 0 runs, 1 hit, 0 errors, 1 left on base; Billings 0 - Cheyenne 0
TOP OF THE 3RD
Billings Mustangs batting - Pitching for Cheyenne Chiefs : LHP Cortez Rioz
Batting: LHB Greg Knauf 0-0: Ball
1-0: Called Strike
1-1: Ball
2-1: Ground out U3 (Groundball, 34, EV 104.4 MPH)
Batting: LHB Hayden Browman 0-0: Ball
1-0: Ground out U3 (Groundball, 34, EV 91.2 MPH)
Batting: RHB Travis Parsons 0-0: Ground out 4-3 (Groundball, 4, EV 82.5 MPH)
Top of the 3rd over - 0 runs, 0 hits, 0 errors, 0 left on base; Billings 0 - Cheyenne 0
BOTTOM OF THE 3RD
Cheyenne Chiefs batting - Pitching for Billings Mustangs : LHP Lawrence Morgan
Batting: RHB Rudy Abdo 0-0: Ball
1-0: Ball
2-0: Ball
3-0: Called Strike
3-1: Ground out 4-3 (Groundball, 4D, EV 105.6 MPH)
Batting: LHB Clemente Collado 0-0: Ball
1-0: Called Strike
1-1: Fly out, F8 (Flyball, 8LXD, EV 101.9 MPH)
Batting: RHB Gilligan Eddy 0-0: Ball
1-0: Ball
2-0: Bunt missed!
2-1: Fly out, F6 (Flyball, 56D, EV 86.2 MPH)
Bottom of the 3rd over - 0 runs, 0 hits, 0 errors, 0 left on base; Billings 0 - Cheyenne 0
TOP OF THE 4TH
Billings Mustangs batting - Pitching for Cheyenne Chiefs : LHP Cortez Rioz
Batting: RHB Jason O'Daniel 0-0: Fly out, F8 (Flyball, 78M, EV 92.5 MPH)
Batting: LHB Felipe Hernandez 0-0: Foul Ball, location: 2F
0-1: Ball
1-1: Ball
2-1: Foul Ball, location: 2F
2-2: Ball
3-2: Base on Balls
Batting: RHB Dalmacio Escobar 0-0: Ball
1-0: Ball
2-0: Foul Ball, location: 2F
2-1: Foul Ball, location: 2F
2-2: Grounds into double play, 3-6-3 (Groundball, 34, EV 86.2 MPH)
Top of the 4th over - 0 runs, 0 hits, 0 errors, 0 left on base; Billings 0 - Cheyenne 0
BOTTOM OF THE 4TH
Cheyenne Chiefs batting - Pitching for Billings Mustangs : LHP Lawrence Morgan
Batting: RHB Gavin Zimmer 0-0: Ball
1-0: Foul Ball, location: 2F
1-1: Ball
2-1: Fly out, F8 (Flyball, 8LM, EV 81.2 MPH)
Batting: RHB Jake Macias 0-0: Called Strike
0-1: Swinging Strike
0-2: Foul Ball, location: 2F
0-2: Strikes out swinging
Batting: LHB Rodrigo Samand 0-0: Ball
1-0: SINGLE (Groundball, 34D, EV 96.9 MPH)
Batting: RHB Barrett Heller 0-0: Ball
1-0: Ground out 5-3 (Groundball, 56S, EV 84.4 MPH)
Bottom of the 4th over - 0 runs, 1 hit, 0 errors, 1 left on base; Billings 0 - Cheyenne 0
TOP OF THE 5TH
Billings Mustangs batting - Pitching for Cheyenne Chiefs : LHP Cortez Rioz
Batting: RHB Brandon Kendall 0-0: Ball
1-0: Swinging Strike
1-1: Ball
2-1: Foul Ball, location: 2F
2-2: Fly out, F9 (Flyball, 89M, EV 93.8 MPH)
Batting: RHB Willy Culbreth 0-0: Ground out 5-3 (Groundball, 56S, EV 89.4 MPH)
Batting: RHB Andy Riquenes 0-0: Ball
1-0: Ground out 5-3 (Groundball, 5S, EV 69.4 MPH)
Top of the 5th over - 0 runs, 0 hits, 0 errors, 0 left on base; Billings 0 - Cheyenne 0
BOTTOM OF THE 5TH
Cheyenne Chiefs batting - Pitching for Billings Mustangs : LHP Lawrence Morgan
Batting: SHB Aitor Garza 0-0: Ball
1-0: Ball
2-0: Fly out, F8 (Line Drive, 8LM, EV 99.4 MPH)
Batting: RHB Weston Dollinger 0-0: Foul Ball, location: 2F
0-1: Foul Ball, location: 2F
0-2: Ball
1-2: Ball
2-2: Foul Ball, location: 2F
2-2: Ball
3-2: Base on Balls
Batting: RHB Rudy Abdo 0-0: Reached on error, E3 (Groundball, 34, EV 101.2 MPH)
Weston Dollinger to second
Batting: LHB Clemente Collado 0-0: Ball
1-0: Ball
2-0: Foul Ball, location: 2F
2-1: Grounds into double play, 6-4-3 (Groundball, 6, EV 103.8 MPH)
Bottom of the 5th over - 0 runs, 0 hits, 1 error, 1 left on base; Billings 0 - Cheyenne 0
TOP OF THE 6TH
Billings Mustangs batting - Pitching for Cheyenne Chiefs : LHP Cortez Rioz
Batting: LHB Greg Knauf 0-0: Called Strike
0-1: Ball
1-1: Foul Ball, location: 2F
1-2: Foul Ball, location: 2F
1-2: Foul Ball, location: 2F
1-2: Strikes out swinging
Batting: LHB Hayden Browman 0-0: Called Strike
0-1: Foul Ball, location: 2F
0-2: Foul Ball, location: 2F
0-2: Foul Ball, location: 2F
0-2: Ball
1-2: Foul Ball, location: 2F
1-2: Ball
2-2: DOUBLE (Flyball, 89D, EV 100.0 MPH)
Batting: RHB Travis Parsons 0-0: Ball
1-0: Ball
2-0: Swinging Strike
2-1: Ball
3-1: Called Strike
3-2: SINGLE (Groundball, 3D, EV 102.5 MPH)
Hayden Browman to third
Runner from 3rd tries for Home, SAFE, throw by RF to home
Travis Parsons to second
Batting: RHB Jason O'Daniel 0-0: Called Strike
0-1: Ball
1-1: Foul Ball, location: 2F
1-2: Ball
2-2: Ground out 6-3 (Groundball, 6, EV 107.5 MPH)
Batting: LHB Felipe Hernandez 0-0: Ball
1-0: Foul Ball, location: 2F
1-1: Foul Ball, location: 2F
1-2: Foul Ball, location: 2F
1-2: Ball
2-2: Strikes out swinging
Top of the 6th over - 1 run, 2 hits, 0 errors, 1 left on base; Billings 1 - Cheyenne 0
BOTTOM OF THE 6TH
Cheyenne Chiefs batting - Pitching for Billings Mustangs : LHP Lawrence Morgan
Batting: RHB Gilligan Eddy 0-0: Called Strike
0-1: Ball
1-1: Foul Ball, location: 2F
1-2: Foul Ball, location: 2F
1-2: Foul Ball, location: 2F
1-2: Ball
2-2: SINGLE (Line Drive, 5D, EV 95.0 MPH)
Batting: RHB Gavin Zimmer 0-0: Swinging Strike
0-1: Foul Ball, location: 2F
0-2: Ball
1-2: Foul Ball, location: 2F
1-2: Ball
2-2: Foul Ball, location: 2F
2-2: Ball
3-2: Fly out, F7 (Line Drive, 7, EV 98.1 MPH)
Batting: RHB Jake Macias 0-0: Ball
1-0: Ball
2-0: Ball
3-0: Grounds into double play, 5-4-3 (Groundball, 5, EV 80.0 MPH)
Bottom of the 6th over - 0 runs, 1 hit, 0 errors, 0 left on base; Billings 1 - Cheyenne 0
TOP OF THE 7TH
Billings Mustangs batting - Pitching for Cheyenne Chiefs : LHP Cortez Rioz
Batting: RHB Dalmacio Escobar 0-0: Ball
1-0: Ground out 6-3 (Groundball, 6, EV 88.8 MPH)
Batting: RHB Brandon Kendall 0-0: Called Strike
0-1: Foul Ball, location: 2F
0-2: Ball
1-2: Ball
2-2: Foul Ball, location: 2F
2-2: Ball
3-2: Fly out, F9 (Flyball, 9, EV 87.5 MPH)
Batting: RHB Willy Culbreth 0-0: Ball
1-0: Ball
2-0: Called Strike
2-1: Hit by Pitch
Pitching: LHP Gabriel Díaz
Batting: RHB Andy Riquenes 0-0: Foul Ball, location: 2F
0-1: Swinging Strike
0-2: Strikes out swinging
Top of the 7th over - 0 runs, 0 hits, 0 errors, 1 left on base; Billings 1 - Cheyenne 0
BOTTOM OF THE 7TH
Cheyenne Chiefs batting - Pitching for Billings Mustangs : LHP Lawrence Morgan
Batting: LHB Rodrigo Samand 0-0: Ball
1-0: Ground out U3 (Groundball, 34, EV 98.8 MPH)
Batting: RHB Barrett Heller 0-0: Foul Ball, location: 2F
0-1: Called Strike
0-2: Fly out, F8 (Line Drive, 8LM, EV 96.2 MPH)
Batting: SHB Aitor Garza 0-0: Called Strike
0-1: Ground out 6-3 (Groundball, 6, EV 83.1 MPH)
Bottom of the 7th over - 0 runs, 0 hits, 0 errors, 0 left on base; Billings 1 - Cheyenne 0
TOP OF THE 8TH
Billings Mustangs batting - Pitching for Cheyenne Chiefs : LHP Gabriel Díaz
Pinch Hitting: RHB Manny Crawford 0-0: Swinging Strike
0-1: Ground out 4-3 (Groundball, 4, EV 83.1 MPH)
Batting: LHB Hayden Browman 0-0: DOUBLE (Flyball, 8RD, EV 95.6 MPH)
Batting: RHB Travis Parsons 0-0: Fly out, F6 (Flyball, 56D, EV 84.4 MPH)
Batting: RHB Jason O'Daniel 0-0: Called Strike
0-1: Foul Ball, location: 2F
0-2: Ball
1-2: Ball
2-2: Ball
3-2: Foul Ball, location: 2F
3-2: Base on Balls
Batting: LHB Felipe Hernandez 0-0: Ball
1-0: Ball
2-0: Foul Ball, location: 2F
2-1: Fly out, F4 (Line Drive, 4, EV 74.4 MPH)
Top of the 8th over - 0 runs, 1 hit, 0 errors, 2 left on base; Billings 1 - Cheyenne 0
BOTTOM OF THE 8TH
Cheyenne Chiefs batting - Pitching for Billings Mustangs : LHP Lawrence Morgan
Now at 1B: Dwaine Echevarria
Now in CF: Kevin Burtt
Now in RF: Dalmacio Escobar
Batting: RHB Weston Dollinger 0-0: Ball
1-0: Swinging Strike
1-1: Called Strike
1-2: DOUBLE (Flyball, 8LXD, EV 90.6 MPH)
Batting: RHB Rudy Abdo 0-0: Ball
1-0: Swinging Strike
1-1: Ball
2-1: SINGLE (Groundball, 56S, EV 70.0 MPH) (infield hit)
Weston Dollinger to third
Batting: LHB Clemente Collado 0-0: Ball
Wild Pitch!
Weston Dollinger scores
Rudy Abdo to second
1-0: Ball
2-0: Ball
3-0: Base on Balls
Batting: RHB Gilligan Eddy 0-0: Sac Bunt to 2R - play at first, batter OUT! 2-4
Rudy Abdo to third
Clemente Collado to second
Batting: RHB Gavin Zimmer 0-0: Ball
1-0: Called Strike
1-1: Fly out, F8 (Flyball, 78D, EV 93.8 MPH)
Runner from 3rd tags up, OUT at HOME! 8-2
Bottom of the 8th over - 1 run, 2 hits, 0 errors, 1 left on base; Billings 1 - Cheyenne 1
TOP OF THE 9TH
Billings Mustangs batting - Pitching for Cheyenne Chiefs : LHP Gabriel Díaz
Batting: RHB Dalmacio Escobar 0-0: Ball
1-0: Ball
2-0: Ball
3-0: Called Strike
3-1: DOUBLE (Flyball, 8RXD, EV 101.2 MPH)
Batting: RHB Brandon Kendall 0-0: Intentional Walk
Batting: RHB Willy Culbreth 0-0: Ball
1-0: Bunt - Flyout to 25! F5
Batting: RHB Andy Riquenes 0-0: Ball
1-0: Fly out, F8 (Flyball, 78D, EV 88.1 MPH)
Batting: SHB Dwaine Echevarria 0-0: Fly out, F8 (Flyball, 8LXD, EV 88.1 MPH)
Top of the 9th over - 0 runs, 1 hit, 0 errors, 2 left on base; Billings 1 - Cheyenne 1
BOTTOM OF THE 9TH
Cheyenne Chiefs batting - Pitching for Billings Mustangs : LHP Lawrence Morgan
Batting: RHB Jake Macias 0-0: Called Strike
0-1: Ball
1-1: Ball
2-1: Ball
3-1: Foul Ball, location: 2F
3-2: Base on Balls
Pitching: RHP Wilson Tinajero
Batting: LHB Rodrigo Samand 0-0: Called Strike
0-1: Swinging Strike
0-2: SINGLE (Line Drive, 8RS, EV 106.9 MPH)
Jake Macias to second
Batting: RHB Barrett Heller 0-0: Ball
1-0: Swinging Strike
1-1: Ball
2-1: Foul Ball, location: 2F
2-2: Fly out, F8 (Line Drive, 8LM, EV 106.2 MPH)
Now in CF: Giovanni Eckler
Batting: SHB Aitor Garza 0-0: Fly out, F8 (Flyball, 8LS, EV 90.0 MPH)
Batting: RHB Weston Dollinger 0-0: Foul Ball, location: 2F
0-1: SINGLE (Line Drive, 56D, EV 103.8 MPH)
Jake Macias to third
Rodrigo Samand to second
Runner from 3rd tries for Home, SAFE, throw by LF to home
Bottom of the 9th over - 1 run, 2 hits, 0 errors, 0 left on base; Billings 1 - Cheyenne 2
Game Over ... Cheyenne defeats Billings, 2 to 1
Thursday, March 28th , 2024 - OOTP Baseball 24.11 Build 85